 Dungeon Crawl Stone Soup version 0.30-a0-462-gd5975efbca (webtiles) character file.

Game seed: 5174726256502476030

100 Shayle the Conjurer (level 4, -4/34 HPs)
             Began as a Demonspawn Reaver on Dec 16, 2022.
             Killed by divine providence
             ... invoked by an orc priest
              (13 damage)
             ... on level 3 of the Dungeon.
             The game lasted 00:03:41 (1573 turns).

Shayle the Conjurer (Demonspawn Reaver)             Turns: 1573, Time: 00:03:42

Health: -4/34      AC:  3    Str: 18    XL:     4   Next: 46%
Magic:  7/7        EV: 12    Int: 16    God:
Gold:   117        SH:  0    Dex: 12    Spells: 7/8 levels left

rFire   . . .      SeeInvis .    a - +0 hand axe
rCold   . . .      Faith    .    (no shield)
rNeg    . . .      Spirit   .    b - +0 leather armour
rPois   .          Reflect  .    (no helmet)
rElec   .          Harm     .    (no cloak)
rCorr   .          Rampage  .    (no gloves)
Will    .....                    (no boots)
Stlth   +.........               (no amulet)
HPRegen 0.25/turn                m - +6 ring of strength
MPRegen 0.20/turn                (no ring)

@: no status effects
A: spiny 2, magic regeneration
a: no special abilities


You were on level 3 of the Dungeon.
You visited 1 branch of the dungeon, and saw 3 of its levels.

You collected 117 gold pieces.

Inventory:

Hand Weapons
 a - a +0 hand axe (weapon)
Armour
 b - a +0 leather armour (worn)
Jewellery
 d - an amulet of faith
 m - a +6 ring of strength (left hand)
Wands
 j - a wand of charming (6)
Scrolls
 g - a scroll of enchant armour {unknown}
 h - a scroll of summoning {unknown}
 i - a scroll of vulnerability {unknown}
 k - a scroll of amnesia {unknown}
 l - a scroll of identify {unknown}
 n - a scroll of fear {unknown}
Potions
 c - 2 potions of ambrosia {unknown}
 e - 2 potions of degeneration {unknown}
 f - a potion of attraction {unknown}


   Skills:
 + Level 2.7 Fighting
 + Level 3.2 Axes
 + Level 2.5 Dodging
 + Level 2.6 Spellcasting
 + Level 3.5 Conjurations


You had 7 spell levels left.
You knew the following spells:

 Your Spells              Type           Power      Damage    Failure   Level
a - Kiss of Death         Conj/Necr      28%        2d7       11%         1

Your spell library contained the following spells:

 Spells                   Type           Power      Damage    Failure   Level
 Momentum Strike          Conj/Tloc      14%        3d8       17%         2
 Apportation              Tloc           4%         N/A       24%         1
 Necrotise                Necr           8%         1d4       24%         1
 Hailstorm                Conj/Ice       7%         3d4       32%         3
 Sublimation of Blood     Necr           2%         N/A       34%         2
 Wereblood                Tmut           2%         N/A       34%         2
 Vampiric Draining        Necr           2%         2d6       56%         3
 Agony                    Necr           2%         N/A       100%        5
 Alistair's Intoxication  Tmut/Pois      1%         N/A       100%        5
 Summon Hydra             Summ           1%         N/A       100%        7


Dungeon Overview and Level Annotations

Branches:
Dungeon (3/15)

Altars:

Shops:
D:1 *


Innate Abilities, Weirdness & Mutations

You are mostly covered in sharp spines.
You regenerate magic rapidly.


Message History

The orc wizard shouts!
The orc barely misses you.
The orc wizard casts a spell.
The orc wizard flickers and vanishes!
Deactivating autopickup; reactivate with Ctrl-A.
The orc priest is struck by your spines.
The orc priest hits you with a +0 short sword.
You closely miss the orc priest.
The orc priest is moderately wounded.
You completely miss the orc.
The orc priest hits you with a +0 short sword.
The orc hits you but does no damage.
You closely miss the orc priest.
The orc priest is moderately wounded.
You hit the orc. The orc priest barely misses you.
The orc is struck by your spines.
You kill the orc!
You closely miss the orc priest.
The orc priest is moderately wounded.
The orc priest is struck by your spines.
The orc priest hits you with a +0 short sword.
You barely miss the orc priest.
The orc priest is moderately wounded.
The orc priest barely misses you.
You hit the orc priest but do no damage.
The orc priest is moderately wounded.
You hit the orc.
The orc priest is struck by your spines.
The orc priest misses you. The orc is struck by your spines.
You kill the orc!
You hit the orc priest.
The orc priest is heavily wounded.
The orc priest calls down the wrath of Beogh upon you.
Beogh smites you!
* * * LOW HITPOINT WARNING * * *
You hit the orc priest.
The orc priest is severely wounded.
The orc priest invokes the aid of Beogh against you.
Beogh smites you!
You die...

# #.....##
...##...#.... #.
#........ ....
..###.### #..
#....#..#... #..
#...###.....
#..##...........
##...........#
#....<.......#
#..........oo#
#.....†.....@#
######..####.###[#
##..##........#
######...†.........#
........†##...........
.........##........###
.........###########
##########


You could see an orc priest and an orc.

Vanquished Creatures
  Jessica (D:2)
  2 adders (D:2)
  A worm (D:2)
  A dart slug (D:1)
  2 orcs (D:3)
  5 ball pythons
  2 endoplasms (D:1)
  3 giant cockroaches
  5 goblins
  4 hobgoblins
  6 jackals
  2 quokkas (D:1)
  2 bats (D:1)
  2 frilled lizards
  3 kobolds
  5 rats
46 creatures vanquished.

Vanquished Creatures (others)
  5 plants (D:1)
5 creatures vanquished.

Grand Total: 51 creatures vanquished

Notes
Turn   | Place    | Note
-------+----------+-------------------------------------------
     0 | D:1      | Shayle the Demonspawn Reaver began the quest for the Orb.
     0 | D:1      | Reached XP level 1. HP: 16/16 MP: 3/3
   100 | D:1      | Gained mutation: You are partially covered in sharp spines.
                  | [demonic ancestry]
   100 | D:1      | Reached XP level 2. HP: 20/22 MP: 5/5
   283 | D:1      | Found Achoatoon's General Store.
   528 | D:1      | Gained mutation: You are mostly covered in sharp spines.
                  | [demonic ancestry]
   528 | D:1      | Reached XP level 3. HP: 24/28 MP: 6/6
   946 | D:2      | Noticed Jessica
   953 | D:2      | Killed Jessica
   954 | D:2      | Gained mutation: You regenerate magic rapidly. [demonic
                  | ancestry]
   954 | D:2      | Reached XP level 4. HP: 32/34 MP: 7/7
  1573 | D:3      | Killed from afar by an orc priest

Illustrated notes

Levels and vault maps discovered:
D:1:      onia_arrival_pyramid, layout_loops_ring, serial_shops, shop,
          serial_forest, infiniplex_forest_lined_corner,
          infiniplex_forest_straight_1, infiniplex_forest_diagonal,
          infiniplex_forest_clump_diagonal, infiniplex_forest_straight_2,
          infiniplex_forest_lined_room_2, infiniplex_forest_pool
D:2:      layout_basic, uniq_jessica
D:3:      layout_rooms, nemelex_spade_bored_becter,
          amcnicky_mini_rare_corridor_liquid, uniq_sigmund, uniq_robin,
          uniq_pargi

Skill      XL: |  1  2  3 |
---------------+----------+-----
Dodging        | 2 |  2.5
Axes           | 3 |  3.2
Fighting       | |  2.7
Spellcasting   | |  2.6
Conjurations   | |  3.5

Action                   |  1- 3 |  4- 6 || total
-------------------------+-------+-------++-------
Melee: Hand axe          |    81 |    19 ||   100
       Punch             |     1 |       ||     1
Armor: Leather armour    |    24 |     1 ||    25
Dodge: Dodged            |    40 |    13 ||    53

Table legend: (Time is in decaauts)
 A = Elapsed time spent in this place.
 B = Non-inter-level travel time spent in this place.
 C = Inter-level travel time spent in this place.
 D = Time resting spent in this place.
 E = Time spent auto-exploring this place.
 F = Levels seen in this place.
 G = Mean time per level.
                   A        B        C        D        E       F      G
               +--------+--------+--------+--------+--------+-----+--------+
         Total |   1588 |   1503 |     85 |     96 |   1017 |   3 |  529.3 |
       Dungeon |   1588 |   1503 |     85 |     96 |   1017 |   3 |  529.3 |
               +--------+--------+--------+--------+--------+-----+--------+

Top non-repeatable levels by time:
     D:1: 786 daAuts
     D:2: 756 daAuts
     D:3: 45 daAuts
